 Dungeon Crawl Stone Soup version 0.28.0 (webtiles) character file.

Game seed: 16728011193120613765

25 randomguy2701 the Skirmisher (level 2, 0/36 HPs)
             Began as a Demonspawn Berserker on Feb 7, 2022.
             Was a Follower of Trog.
             Succumbed to an adder's poison
             ... on level 2 of the Dungeon.
             The game lasted 00:04:10 (971 turns).

randomguy2701 the Skirmisher (Demonspawn Berserker)  Turns: 971, Time: 00:04:10

Health: 0/36       AC:  6    Str: 17    XL:     2   Next: 82%
Magic:  2/2        EV: 10    Int:  8    God:    Trog [*.....]
Gold:   52         SH:  0    Dex: 12    Spells: 1/1 levels left

rFire   . . .      SeeInvis .   a - +0 hand axe
rCold   . . .      Faith    .   (no shield)
rNeg    . . .      Spirit   .   f - +0 scale mail
rPois   .          Reflect  .   (no helmet)
rElec   .          Harm     .   (no cloak)
rCorr   .          Rampage  .   (no gloves)
Will    .....                   (no boots)
Stlth   ..........              (no amulet)
HPRegen 0.12/turn               (no ring)
MPRegen 0.16/turn               (no ring)

@: berserking, lethally poisoned (0 -> -4), very quick
A: magic regeneration
a: Renounce Religion, Berserk


You were on level 2 of the Dungeon.
You worshipped Trog.
Trog was aware of your devotion.
You visited 1 branch of the dungeon, and saw 2 of its levels.

You collected 52 gold pieces.

Inventory:

Hand Weapons
 a - a +0 hand axe (weapon)
Armour
 b - a +0 animal skin
 f - a +0 scale mail (worn)
Scrolls
 c - a scroll of fear {unknown}
 e - a scroll of identify {unknown}
 g - a scroll of teleportation {unknown}
 h - a scroll of magic mapping {unknown}
Potions
 d - a potion of magic {unknown}
 i - a potion of berserk rage {unknown}


   Skills:
 + Level 3.4 Fighting
 + Level 3.0 Axes
 + Level 1.8 Armour
 + Level 2.0 Dodging
 + Level 0.2 Stealth


You had one spell level left.
You didn't know any spells.
Your spell library was empty.

Dungeon Overview and Level Annotations

Branches:
Dungeon (2/15)

Altars:


Innate Abilities, Weirdness & Mutations

You regenerate magic rapidly.


Message History

You are too injured to fight recklessly!
You fail to use your ability.
You feel sick. The adder misses you.
The quokka bites you but does no damage.
A red film seems to cover your vision as you go berserk!
You feel yourself moving faster!
You feel mighty!
You feel sick. The adder barely misses you.
The quokka bites you but does no damage.
The adder bites you.
* * * LOW HITPOINT WARNING * * *
You are too injured to fight recklessly!
You miss the adder.
The adder is severely wounded.
You barely miss the quokka.
You feel sick.
The quokka bites you but does no damage.
You closely miss the adder.
The adder is severely wounded.
You hit the quokka.
You kill the quokka!
Trog accepts your kill.
You closely miss the quokka.
You feel sick. The adder bites you.
* * * LOW HITPOINT WARNING * * *
You are lethally poisoned!
The adder poisons you! The quokka closely misses you.
You miss the adder.
The adder is severely wounded.
You slash the quokka!
You kill the quokka!
Trog accepts your kill.
* * * LOW HITPOINT WARNING * * *
You feel sick. The adder bites you.
* * * LOW HITPOINT WARNING * * *
The adder misses you.
You slash the adder!
You kill the adder!
Trog accepts your kill.
* * * LOW HITPOINT WARNING * * *
You feel sick.
Your Axes skill increases to level 3!
Unknown command.
You die...

. # .. ... #.
####.. ...##.
#......
....#.####.......
#..............
#..............
#...<.........
#......†.(....
#....@††....$.
#.....#.......
#.............
#.$...........
#........$....
######...>....
........ #.....


There were no monsters in sight!

Vanquished Creatures
  An adder (D:2)
  A dart slug (D:1)
  An endoplasm (D:2)
  A giant cockroach (D:1)
  2 hobgoblins (D:1)
  2 quokkas (D:2)
  A ball python (D:1)
  A frilled lizard (D:1)
  A goblin (D:1)
  3 kobolds (D:1)
  A rat (D:1)
15 creatures vanquished.

Vanquished Creatures (others)
  2 plants (D:1)
2 creatures vanquished.

Grand Total: 17 creatures vanquished

Notes
Turn   | Place    | Note
-------+----------+-------------------------------------------
     0 | D:1      | randomguy2701 the Demonspawn Berserker began the quest for
                  | the Orb.
     0 | D:1      | Reached XP level 1. HP: 18/18 MP: 1/1
   684 | D:1      | Gained mutation: You regenerate magic rapidly. [demonic
                  | ancestry]
   684 | D:1      | Reached XP level 2. HP: 20/24 MP: 2/2
   970 | D:2      | HP: 1/36 [poisoned by an adder]
   971 | D:2      | Succumbed to an adder's poison

Illustrated notes

Levels and vault maps discovered:
D:1:      minmay_arrival_plants_in_alcoves, layout_loops_ring
D:2:      layout_rooms, uniq_terence

Skill      XL: |  1  2 |
---------------+-------+-----
Dodging        | 2 |  2.0
Axes           | 3 |  3.0
Fighting       | |  3.4
Armour         | |  1.8
Stealth        | |  0.2

Action                   || total
-------------------------++-------
Melee: Hand axe          ||    49
       Punch             ||     1
Invok: Berserk           ||     1
Armor: Scale mail        ||    18
       Animal skin       ||     1
Dodge: Dodged            ||    27
